 Dungeon Crawl Stone Soup version 0.28.0-53-g5a82cb258f (webtiles) character file.

Game seed: 16693752765315655041

21 NinjaNoafa the Ruffian (level 2, 23/23 HPs)
             Began as a Draconian Transmuter on Aug 15, 2022.
             Quit the game on level 2 of the Dungeon.
             The game lasted 00:01:38 (1010 turns).

NinjaNoafa the Ruffian (Draconian Transmuter)       Turns: 1010, Time: 00:01:39

Health: 23/23      AC:  4    Str: 12    XL:     2   Next: 62%
Magic:  5/5        EV: 12    Int: 13    God:
Gold:   46         SH:  0    Dex: 11    Spells: 4/5 levels left

rFire   . . .      SeeInvis .     - Unarmed
rCold   . . .      Faith    .   (no shield)
rNeg    . . .      Spirit   .   (armour unavailable)
rPois   .          Reflect  .   (helmet restricted)
rElec   .          Harm     .   (no cloak)
rCorr   .          Rampage  .   (no gloves)
Will    .....                   (no boots)
Stlth   +.........              (no amulet)
HPRegen 0.07/turn               (no ring)
MPRegen 0.09/turn               (no ring)

@: studying Polearms
A: AC +4, unfitting armour, cold-blooded
a: no special abilities


You were on level 2 of the Dungeon.
You visited 1 branch of the dungeon, and saw 2 of its levels.

You collected 46 gold pieces.

Inventory:

Missiles
 f - 3 boomerangs
 g - 3 stones
Jewellery
 b - a ring of protection from fire
Scrolls
 a - a scroll of identify {unknown}
 c - a scroll of enchant armour {unknown}
 d - a scroll of noise {unknown}
 e - a scroll of amnesia {unknown}


   Skills:
 - Level 1.1 Fighting
 - Level 1.7 Dodging
 * Level 3.7 Unarmed Combat
 - Level 2.0 Spellcasting
 + Level 2.4 Transmutations


You had 4 spell levels left.
You knew the following spells:

 Your Spells              Type           Power      Damage    Failure   Level
a - Beastly Appendage     Tmut           14%        N/A       10%         1

Your spell library contained the following spells:

 Spells                   Type           Power      Damage    Failure   Level
 Wereblood                Tmut           7%         N/A       14%         2
 Spider Form              Tmut/Pois      4%         N/A       43%         3
 Ice Form                 Ice/Tmut       4%         N/A       83%         4


Dungeon Overview and Level Annotations

Branches:
Dungeon (2/15)

Altars:


Innate Abilities, Weirdness & Mutations

Your plain brown scales are hard. (AC +4)
You cannot fit into any form of body armour.
You are cold-blooded and may be slowed by cold attacks.


Message History

You miss the frilled lizard. You claw the frilled lizard.
You kill the frilled lizard!
Your transformation is almost over.
The goblin misses you.
You hit the goblin but do no damage. Your kick misses the goblin.
You headbutt the goblin.
You kill the goblin!
Things that are here:
a +0 club; a goblin corpse Your horns disappear.
Your talons disappear.
Found 3 boomerangs.
Found a stone staircase leading down.
f - 3 boomerangs
There is a stone staircase leading down here.
You now have 46 gold pieces (gained 13).
There is a stone staircase leading down here.
There is a stone staircase leading down here.
g - 3 stones You see here a +0 dagger.
Done exploring.
Done exploring.
You see here a +0 dagger.
There is a stone staircase leading down here.
You climb downwards.
Found a manual of Polearms.
Found a stone staircase leading down.
There is a stone staircase leading up here.
You grow a pair of large bovine horns.
Your feet morph into talons.
Found 24 bolts.
You completely miss the frilled lizard. The frilled lizard closely misses you.
You closely miss the frilled lizard.
Your tail-slap misses the frilled lizard.
The frilled lizard barely misses you.
You hit the frilled lizard.
You kill the frilled lizard!
Your transformation is almost over.
There is a stone staircase leading up here.
Found an escape hatch in the ceiling.
Your horns disappear.
Your talons disappear.
You pick up a manual of Polearms and begin studying.
Are you sure you want to abandon this character and quit the game? (Confirm with "yes".)

...........###..
^....>.....#
...........## ..
.#......<...#..#
...............#
....#.#.....####
............#
<..........##
.......@...#
........####
#########


There were no monsters in sight!

Vanquished Creatures
  A ball python (D:1)
  4 endoplasms (D:1)
  2 goblins (D:1)
  2 hobgoblins (D:1)
  4 bats (D:1)
  5 frilled lizards
  A kobold (D:1)
19 creatures vanquished.

Notes
Turn   | Place    | Note
-------+----------+-------------------------------------------
     0 | D:1      | NinjaNoafa the Draconian Transmuter began the quest for the
                  | Orb.
     0 | D:1      | Reached XP level 1. HP: 16/16 MP: 3/3
   474 | D:1      | Reached XP level 2. HP: 23/23 MP: 3/5
  1010 | D:2      | Quit the game

Illustrated notes

Levels and vault maps discovered:
D:1:      lemuel_arrival_muddy, layout_loops_ring
D:2:      cheibrodos_pilgrimage, layout_rooms, basic_altar

Action                   || total
-------------------------++-------
Melee: Unarmed           ||    48
       Headbutt          ||     6
       Tailslap          ||     3
       Punch             ||     3
       Kick              ||     3
 Cast: Beastly Appendage ||    14
 Stab: Sleeping          ||     1
Armor: Skin              ||    23
Dodge: Dodged            ||    49
